3AA
RICHLAND RAILS @ LAKE MINNETONKA LOVE BOATS
09/21/2042
 
TOP OF THE 1ST
Richland Rails batting - Pitching for Lake Minnetonka Love Boats : RHP Jonathan Klein
Pitching: RHP Jonathan Klein
Batting: RHB Greg Ge 0-0: Foul Ball, location: 2F
0-1: Ball
1-1: Foul Ball, location: 2F
1-2: Ball
2-2: Ball
3-2: SINGLE (Groundball, 6MD, EV 96.9 MPH)
Batting: RHB Cor van Capelleveen 0-0: Ball
1-0: Called Strike
1-1: Foul Ball, location: 2F
1-2: Ball
2-2: Strikes out looking
Batting: RHB César Vélez 0-0: Ball
1-0: Foul Ball, location: 2F
1-1: Ball
2-1: Ball
3-1: Foul Ball, location: 2F
3-2: DOUBLE (Line Drive, 78XD, EV 103.1 MPH)
Greg Ge to third
Batting: RHB Ernesto Rivera 0-0: Called Strike
0-1: Ball
1-1: Called Strike
1-2: Strikes out swinging
Batting: SHB Gavin Okel 0-0: Called Strike
0-1: Called Strike
0-2: Foul Ball, location: 2F
0-2: Ball
1-2: Strikes out swinging
Top of the 1st over - 0 runs, 2 hits, 0 errors, 2 left on base; Richland 0 - Lake Minnetonka 0
BOTTOM OF THE 1ST
Lake Minnetonka Love Boats batting - Pitching for Richland Rails : RHP Andy Burns
Pitching: RHP Andy Burns
Batting: RHB Mark Bakker 0-0: Foul Ball, location: 2F
0-1: Ground out 6-3 (Groundball, 6M, EV 89.4 MPH)
Batting: RHB Hamid Rutu 0-0: Ground out 6-3 (Groundball, 6, EV 88.1 MPH)
Batting: RHB Eisse van Barneveld 0-0: Ball
1-0: Called Strike
1-1: Ball
2-1: Ball
3-1: DOUBLE (Line Drive, 7LS, EV 98.1 MPH)
Batting: SHB Spencer Maddox 0-0: Ball
1-0: Ball
2-0: Ball
3-0: Called Strike
3-1: Foul Ball, location: 2F
3-2: Base on Balls
Batting: RHB Luis Ávila 0-0: Called Strike
0-1: Ball
1-1: Fly out, F7 (Flyball, 7LMF, EV 90.0 MPH)
Bottom of the 1st over - 0 runs, 1 hit, 0 errors, 2 left on base; Richland 0 - Lake Minnetonka 0
TOP OF THE 2ND
Richland Rails batting - Pitching for Lake Minnetonka Love Boats : RHP Jonathan Klein
Batting: RHB Kazuki Takahashi 0-0: Ball
1-0: Called Strike
1-1: Called Strike
1-2: Fly out, F7 (Flyball, 78M, EV 95.0 MPH)
Batting: RHB Glenn Seals 0-0: Swinging Strike
0-1: Fly out, F8 (Flyball, 89M, EV 75.0 MPH)
Batting: RHB Greg Howard 0-0: Called Strike
0-1: Swinging Strike
0-2: Strikes out swinging
Top of the 2nd over - 0 runs, 0 hits, 0 errors, 0 left on base; Richland 0 - Lake Minnetonka 0
BOTTOM OF THE 2ND
Lake Minnetonka Love Boats batting - Pitching for Richland Rails : RHP Andy Burns
Batting: RHB Nicholas Khadjikyriakos 0-0: Ground out 6-3 (Groundball, 56, EV 80.0 MPH)
Batting: RHB Ding-bong Wang 0-0: Ball
1-0: Called Strike
1-1: Foul Ball, location: 2F
1-2: Ball
2-2: Strikes out swinging
Batting: RHB León Murciano 0-0: Called Strike
0-1: Called Strike
0-2: Ball
1-2: Foul Ball, location: 2F
1-2: Ball
2-2: Ball
3-2: SINGLE (Flyball, 9LM, EV 106.9 MPH)
Batting: RHB Pablo Santos 0-0: Ball
1-0: Fielders Choice at 2nd, 6-4 (Groundball, 6, EV 75.6 MPH)
Bottom of the 2nd over - 0 runs, 1 hit, 0 errors, 1 left on base; Richland 0 - Lake Minnetonka 0
TOP OF THE 3RD
Richland Rails batting - Pitching for Lake Minnetonka Love Boats : RHP Jonathan Klein
Batting: RHB Steve Haley 0-0: Ball
1-0: Ground out 6-3 (Groundball, 56, EV 83.8 MPH)
Batting: RHB Greg Ge 0-0: Ball
1-0: Ball
2-0: SINGLE (Flyball, 9S, EV 93.1 MPH)
Batting: RHB Cor van Capelleveen 0-0: Ball
1-0: Called Strike
1-1: Fly out, F7 (Flyball, 7S, EV 95.0 MPH)
Batting: RHB César Vélez 0-0: SINGLE (Line Drive, 6D, EV 95.6 MPH)
Greg Ge to second
Batting: RHB Ernesto Rivera 0-0: Ground out 5-3 (Groundball, 56S, EV 66.9 MPH)
Top of the 3rd over - 0 runs, 2 hits, 0 errors, 2 left on base; Richland 0 - Lake Minnetonka 0
BOTTOM OF THE 3RD
Lake Minnetonka Love Boats batting - Pitching for Richland Rails : RHP Andy Burns
Batting: RHB Mark Bakker 0-0: Ball
1-0: Ball
2-0: Called Strike
2-1: Ball
3-1: Base on Balls
Batting: RHB Hamid Rutu 0-0: Ball
1-0: SINGLE (Line Drive, 6MD, EV 103.8 MPH)
Mark Bakker to second
Runner from 2nd tries for 3rd, OUT! 8-5
Batting: RHB Eisse van Barneveld 0-0: Called Strike
0-1: Ball
1-1: Ball
Hamid Rutu is caught stealing 2nd base 2-4
2-1: SINGLE (Groundball, 56D, EV 104.4 MPH)
Batting: SHB Spencer Maddox 0-0: Swinging Strike
0-1: Ball
1-1: Ball
2-1: Called Strike
2-2: Ball
3-2: Strikes out swinging
Bottom of the 3rd over - 0 runs, 2 hits, 0 errors, 1 left on base; Richland 0 - Lake Minnetonka 0
TOP OF THE 4TH
Richland Rails batting - Pitching for Lake Minnetonka Love Boats : RHP Jonathan Klein
Batting: SHB Gavin Okel 0-0: Called Strike
0-1: Ball
1-1: Swinging Strike
1-2: Strikes out swinging
Batting: RHB Kazuki Takahashi 0-0: Called Strike
0-1: Ball
1-1: Ground out 5-3 (Groundball, 5, EV 80.0 MPH)
Batting: RHB Glenn Seals 0-0: Ground out 4-3 (Groundball, 4, EV 89.4 MPH)
Top of the 4th over - 0 runs, 0 hits, 0 errors, 0 left on base; Richland 0 - Lake Minnetonka 0
BOTTOM OF THE 4TH
Lake Minnetonka Love Boats batting - Pitching for Richland Rails : RHP Andy Burns
Batting: RHB Luis Ávila 0-0: Ball
1-0: Ball
2-0: Ground out 6-3 (Groundball, 6, EV 85.0 MPH)
Batting: RHB Nicholas Khadjikyriakos 0-0: Fly out, F3 (Popup, 23F, EV 85.0 MPH)
Batting: RHB Ding-bong Wang 0-0: Called Strike
0-1: Swinging Strike
0-2: Ground out 6-3 (Groundball, 6, EV 85.0 MPH)
Bottom of the 4th over - 0 runs, 0 hits, 0 errors, 0 left on base; Richland 0 - Lake Minnetonka 0
TOP OF THE 5TH
Richland Rails batting - Pitching for Lake Minnetonka Love Boats : RHP Jonathan Klein
Batting: RHB Greg Howard 0-0: Ball
1-0: Called Strike
1-1: Ball
2-1: Ball
3-1: Ground out 6-3 (Groundball, 6, EV 103.1 MPH)
Batting: RHB Steve Haley 0-0: Called Strike
0-1: Ball
1-1: Fly out, F9 (Flyball, 9D, EV 100.6 MPH)
Batting: RHB Greg Ge 0-0: Called Strike
0-1: Ball
1-1: Called Strike
1-2: Strikes out swinging
Top of the 5th over - 0 runs, 0 hits, 0 errors, 0 left on base; Richland 0 - Lake Minnetonka 0
BOTTOM OF THE 5TH
Lake Minnetonka Love Boats batting - Pitching for Richland Rails : RHP Andy Burns
Batting: RHB León Murciano 0-0: Ball
1-0: Fly out, F9 (Flyball, 9LS, EV 91.2 MPH)
Batting: RHB Pablo Santos 0-0: Foul Ball, location: 2F
0-1: Ball
1-1: Called Strike
1-2: Foul Ball, location: 2F
1-2: Fly out, F8 (Flyball, 89M, EV 90.0 MPH)
Batting: RHB Mark Bakker 0-0: Ball
1-0: Fly out, F8 (Flyball, 8RM, EV 90.6 MPH)
Bottom of the 5th over - 0 runs, 0 hits, 0 errors, 0 left on base; Richland 0 - Lake Minnetonka 0
TOP OF THE 6TH
Richland Rails batting - Pitching for Lake Minnetonka Love Boats : RHP Jonathan Klein
Batting: RHB Cor van Capelleveen 0-0: Ball
1-0: Foul Ball, location: 2F
1-1: Called Strike
1-2: SOLO HOME RUN (Flyball, 7D, EV 91.9 MPH), Distance : 356 ft
Batting: RHB César Vélez 0-0: Foul Ball, location: 2F
0-1: Ball
1-1: Foul Ball, location: 2F
1-2: Ball
2-2: Ball
3-2: Fly out, F9 (Flyball, 9LSF, EV 90.0 MPH)
Batting: RHB Ernesto Rivera 0-0: Swinging Strike
0-1: Ground out 1-3 (Groundball, 13S, EV 73.8 MPH)
Batting: SHB Gavin Okel 0-0: Ball
1-0: Called Strike
1-1: Swinging Strike
1-2: Ball
2-2: Ground out 4-3 (Groundball, 4D, EV 110.0 MPH)
Top of the 6th over - 1 run, 1 hit, 0 errors, 0 left on base; Richland 1 - Lake Minnetonka 0
BOTTOM OF THE 6TH
Lake Minnetonka Love Boats batting - Pitching for Richland Rails : RHP Andy Burns
Batting: RHB Hamid Rutu 0-0: Ball
1-0: Called Strike
1-1: Ball
2-1: Ball
3-1: Called Strike
3-2: Foul Ball, location: 2F
3-2: Ground out 5-3 (Groundball, 5, EV 101.9 MPH)
Batting: RHB Eisse van Barneveld 0-0: Called Strike
0-1: Swinging Strike
0-2: Foul Ball, location: 2F
0-2: Ball
1-2: SINGLE (Groundball, 6MD, EV 109.4 MPH)
Batting: SHB Spencer Maddox 0-0: Ball
1-0: Called Strike
1-1: Foul Ball, location: 2F
1-2: Fielders Choice at 2nd, 3-6 (Groundball, 34, EV 107.5 MPH)
Batting: RHB Luis Ávila 0-0: Ball
1-0: SINGLE (Groundball, 6MD, EV 95.0 MPH)
Spencer Maddox to second
Spencer Maddox to third
Batting: RHB Nicholas Khadjikyriakos 0-0: SINGLE (Groundball, 56D, EV 103.8 MPH)
Spencer Maddox scores
Luis Ávila to second
Batting: RHB Ding-bong Wang 0-0: Called Strike
0-1: Fielders Choice at 2nd, 5-4 (Groundball, 56, EV 103.1 MPH)
Bottom of the 6th over - 1 run, 3 hits, 0 errors, 2 left on base; Richland 1 - Lake Minnetonka 1
TOP OF THE 7TH
Richland Rails batting - Pitching for Lake Minnetonka Love Boats : RHP Jonathan Klein
Batting: RHB Kazuki Takahashi 0-0: Foul Ball, location: 2F
0-1: Swinging Strike
0-2: Ball
1-2: Foul Ball, location: 2F
1-2: Foul Ball, location: 2F
1-2: Foul Ball, location: 2F
1-2: Ball
2-2: Ball
3-2: Foul Ball, location: 2F
3-2: Foul Ball, location: 2F
3-2: Hit by Pitch
Pitching: RHP Petr Elfimov
Batting: RHB Glenn Seals 0-0: Ball
Kazuki Takahashi is caught stealing 2nd base 2-4
1-0: Ball
2-0: Called Strike
2-1: Ball
3-1: Foul Ball, location: 2F
3-2: Foul Ball, location: 2F
3-2: Strikes out swinging
Batting: RHB Greg Howard 0-0: Called Strike
0-1: Ball
1-1: Called Strike
1-2: Foul Ball, location: 2F
1-2: Foul Ball, location: 2F
1-2: Strikes out looking
Top of the 7th over - 0 runs, 0 hits, 0 errors, 0 left on base; Richland 1 - Lake Minnetonka 1
BOTTOM OF THE 7TH
Lake Minnetonka Love Boats batting - Pitching for Richland Rails : RHP Andy Burns
Batting: RHB León Murciano 0-0: Foul Ball, location: 2F
0-1: Fly out, F4 (Line Drive, 4, EV 60.6 MPH)
Batting: RHB Pablo Santos 0-0: Ball
1-0: Ground out U3 (Groundball, 3S, EV 82.5 MPH)
Batting: RHB Mark Bakker 0-0: Foul Ball, location: 2F
0-1: Called Strike
0-2: Ball
1-2: Fly out, F9 (Flyball, 9D, EV 92.5 MPH)
Bottom of the 7th over - 0 runs, 0 hits, 0 errors, 0 left on base; Richland 1 - Lake Minnetonka 1
TOP OF THE 8TH
Richland Rails batting - Pitching for Lake Minnetonka Love Boats : RHP Petr Elfimov
Pitching: RHP Willie Steele
Batting: RHB Steve Haley 0-0: Ball
1-0: Ball
2-0: Fly out, F9 (Flyball, 9, EV 81.9 MPH)
Batting: RHB Greg Ge 0-0: Foul Ball, location: 2F
0-1: Ball
1-1: Swinging Strike
1-2: Strikes out swinging
Batting: RHB Cor van Capelleveen 0-0: Swinging Strike
0-1: Ball
1-1: Called Strike
1-2: Foul Ball, location: 2F
1-2: Ball
2-2: Strikes out swinging
Top of the 8th over - 0 runs, 0 hits, 0 errors, 0 left on base; Richland 1 - Lake Minnetonka 1
BOTTOM OF THE 8TH
Lake Minnetonka Love Boats batting - Pitching for Richland Rails : RHP Andy Burns
Pitching: LHP Artie Bates
Batting: RHB Hamid Rutu 0-0: Ball
1-0: SINGLE (Line Drive, 34D, EV 104.4 MPH)
Batting: RHB Eisse van Barneveld 0-0: Ball
1-0: Foul Ball, location: 2F
1-1: Ball
2-1: Ball
3-1: Called Strike
3-2: SINGLE (Groundball, 34D, EV 100.6 MPH)
Hamid Rutu to second
Runner from 2nd tries for 3rd, SAFE, no throw by RF
Batting: SHB Spencer Maddox 0-0: Called Strike
0-1: Called Strike
0-2: Strikes out swinging
Batting: RHB Luis Ávila 0-0: Fly out, F7 (Line Drive, 7, EV 90.6 MPH)
Runner from 3rd tags up, SCORES, no throw by LF
Batting: RHB Nicholas Khadjikyriakos 0-0: Called Strike
0-1: Ball
1-1: Swinging Strike
1-2: SINGLE (Groundball, 56D, EV 107.5 MPH)
Eisse van Barneveld to second
Batting: RHB Ding-bong Wang 0-0: Called Strike
0-1: Ball
1-1: Swinging Strike
1-2: Ball
2-2: Ball
3-2: SINGLE (Groundball, 6MD, EV 94.4 MPH)
Eisse van Barneveld to third
Nicholas Khadjikyriakos to second
Eisse van Barneveld scores
Nicholas Khadjikyriakos to third
Batting: RHB León Murciano 0-0: Ball
1-0: Ball
2-0: Ball
3-0: Base on Balls
Ding-bong Wang to second
Batting: RHB Pablo Santos 0-0: Swinging Strike
0-1: Ball
1-1: Fly out, F7 (Flyball, 7, EV 93.1 MPH)
Bottom of the 8th over - 2 runs, 4 hits, 0 errors, 3 left on base; Richland 1 - Lake Minnetonka 3
TOP OF THE 9TH
Richland Rails batting - Pitching for Lake Minnetonka Love Boats : RHP Willie Steele
Batting: RHB César Vélez 0-0: Foul Ball, location: 2F
0-1: Swinging Strike
0-2: Ball
1-2: Foul Ball, location: 2F
1-2: Strikes out swinging
Batting: RHB Ernesto Rivera 0-0: Called Strike
0-1: Called Strike
0-2: Ball
1-2: Ball
2-2: Fly out, F6 (Popup, 6, EV 73.1 MPH)
Batting: SHB Gavin Okel 0-0: Called Strike
0-1: Called Strike
0-2: Ball
1-2: SINGLE (Groundball, 34D, EV 93.8 MPH)
Batting: RHB Kazuki Takahashi 0-0: Called Strike
0-1: Ball
1-1: Ball
2-1: Ball
3-1: Foul Ball, location: 2F
3-2: Base on Balls
Gavin Okel to second
Batting: RHB Glenn Seals 0-0: Ball
1-0: Ball
2-0: Foul Ball, location: 2F
2-1: Called Strike
2-2: Strikes out swinging
Top of the 9th over - 0 runs, 1 hit, 0 errors, 2 left on base; Richland 1 - Lake Minnetonka 3
Friday, March 26th, 2021 - OOTP Baseball 20.8 Build 74